 Dungeon Sprint DCSS version 0.29-a0-96-g93358da72b (webtiles) character file.

Game seed: 7353104376573435227

3097 cyrus the Cleaver (level 9, -13/94 HPs)
             Began as a Naga Fighter on Feb 11, 2022.
             Mangled by a merfolk (18 damage)
             ... in the Dungeon (Sprint V: "Ziggurat Sprint").
             The game lasted 00:09:51 (1154 turns).

cyrus the Cleaver (Naga Fighter)                    Turns: 1154, Time: 00:09:51

Health: -13/94     AC: 18    Str: 20    XL:     9   Next: 90%
Magic:  9/9        EV:  1    Int: 11    God:
Gold:   0          SH:  5    Dex: 11    Spells: 8/8 levels left

rFire   + . .      SeeInvis +   o - +14 obsidian axe {vorpal, Mesm Drain Fly SInv}
rCold   + . .      Faith    .   c - +0 buckler
rNeg    . . .      Spirit   .   l - +5 gold dragon scales
rPois   +          Reflect  .   (no helmet)
rElec   .          Harm     .   (no cloak)
rCorr   .          Rampage  .   (no gloves)
Will    +....      NoTele   +   (no barding)
Stlth   ..........              (no amulet)
HPRegen 0.25/turn               (no ring)
MPRegen 0.11/turn               (no ring)

@: flying, mesmerised, studying Maces & Flails, very slow
A: AC +3, large, see invisible, deformed body, poison resistance, slowness 2,
spit poison 1, naga tail 1
a: Spit Poison


You were in the Dungeon.
You visited 1 branch

Inventory:

Hand Weapons
 a - a +0 trident
 k - a +6 executioner's axe
 o - the +14 obsidian axe (weapon) {vorpal, Mesm Drain Fly SInv}
   (You found it in the Dungeon)

   It inflicts extra damage upon your enemies.
   It occasionally summons demons to assist the wielder when it strikes in
   combat.
   Its wielder is mesmerised by any visible foes.
   It cannot be unequipped while any foes are visible.
   SInv:      It lets you see invisible.
   Fly:       It grants you flight.
   Drain:     It drains your maximum health when unequipped.
Armour
 b - a +0 scale mail
 c - a +0 buckler (worn)
 l - +5 gold dragon scales (worn)
 m - +5 ice dragon scales
Jewellery
 p - the ring of Rouda {rF++ Will+ Int+6}
   (You found it in the Dungeon)

   [ring of willpower]

   Int:       It affects your intelligence (+6).
   rF:        It greatly protects you from fire.
   Will:      It increases your willpower.
 q - an amulet of magic regeneration
Scrolls
 e - 3 scrolls of enchant weapon
 j - a scroll of blinking
Potions
 g - 5 potions of haste
 h - 2 potions of magic
Miscellaneous
 d - a piece from Xom's chessboard (14/15)
 i - a tin of tremorstones (2/2)
 n - a lightning rod (1/4)


   Skills:
 + Level 10.6 Fighting
 + Level 14.1(14.4) Axes
 + Level 4.3(10.1) Polearms
 + Level 8.7 Armour
 + Level 0.1 Stealth
 + Level 8.0 Shields
 + Level 2.7 Evocations


You had 8 spell levels left.
You didn't know any spells.
Your spell library contained the following spells:

 Spells                   Type           Power      Damage    Failure   Level
 Beastly Appendage        Tmut           0%         N/A       100%        1
 Summon Small Mammal      Summ           0%         N/A       100%        1
 Sublimation of Blood     Necr           0%         N/A       100%        2
 Wereblood                Tmut           0%         N/A       100%        2
 Call Canine Familiar     Summ           0%         N/A       100%        3
 Conjure Flame            Conj/Fire      0%         6-21      100%        3
 Ignite Poison            Fire/Tmut/Pois 0%         N/A       100%        3
 Spider Form              Tmut/Pois      0%         N/A       100%        3
 Summon Guardian Golem    Hex/Summ       0%         N/A       100%        3
 Animate Dead             Necr           0%         N/A       100%        4
 Leda's Liquefaction      Hex/Erth       0%         N/A       100%        4
 Petrify                  Tmut/Erth      0%         N/A       100%        4
 Sticky Flame             Conj/Fire      0%         2d3       100%        4
 Irradiate                Conj/Tmut      0%         3d13      100%        5
 Summon Forest            Summ/Tloc      0%         N/A       100%        5
 Summon Mana Viper        Hex/Summ       0%         N/A       100%        5
 Yara's Violent Unravell  Hex/Tmut       0%         3d3       100%        5
 Iron Shot                Conj/Erth      0%         9d1       100%        6
 Summon Cactus Giant      Summ           0%         N/A       100%        6
 Haunt                    Necr/Summ      0%         N/A       100%        7
 Infestation              Necr           0%         N/A       100%        8


Dungeon Overview and Level Annotations

Branches:
Dungeon (1/1)

Altars:
Ashenzari
Cheibriados
Dithmenos
Elyvilon
Fedhas
Gozag
Hepliaklqana
Kikubaaqudgha
Makhleb
Nemelex Xobeh
Okawaru
Qazlal
Ru
Sif Muna
Trog
Uskayaw
Vehumet
Wu Jian
Xom
Yredelemnul
Zin
The Shining One
Beogh
Jiyva
Lugonu


Innate Abilities, Weirdness & Mutations

Your serpentine skin is tough. (AC +3)
You have supernaturally acute eyesight. (SInv)
Armour fits poorly on your strangely shaped body.
Your system is resistant to poisons. (rPois)
You cover ground very slowly.
You can spit poison.
You have a snake-like lower body.


Message History

You slash the wind drake!
The wind drake is heavily wounded.
You closely miss the wind drake.
The wind drake bites you but does no damage.
The merfolk hits you from afar with a +0 trident!
The wind drake flaps its wings at you. The air twists around and strikes you.
The merfolk hits you from afar with a +0 trident!!
The merfolk hits you from afar with a +0 trident!
The merfolk hits you from afar with a +0 trident.
You make a move on Xom's chessboard...
The centaur resists with significant effort.
Visions of slaying the wind drake flood into your mind.
The wind drake bites you but does no damage. x2
The merfolk hits you from afar with a +0 trident.
The centaur unwields a +0 shortbow.
The centaur hits you but does no damage.
The centaur kicks you but does no damage.
The merfolk hits you but does no damage. x2
The wind drake bites you.
* * * LOW HITPOINT WARNING * * *
The merfolk hits you from afar with a +0 trident.
* * * LOW HITPOINT WARNING * * *
You barely miss the centaur. You closely miss the wind drake. x2
Visions of slaying the wind drake flood into your mind.
The wind drake bites you but does no damage.
The centaur hits you but does no damage.
The centaur kicks you but does no damage.
The merfolk hits you but does no damage.
The merfolk hits you from afar with a +0 trident.
* * * LOW HITPOINT WARNING * * *
The merfolk hits you but does no damage.
The wind drake bites you but does no damage.
The merfolk hits you from afar with a +0 trident!
* * * LOW HITPOINT WARNING * * *
The centaur wields a +0 shortbow.
The centaur shoots an arrow.
The arrow hits you but does no damage. The wind drake bites you.
* * * LOW HITPOINT WARNING * * *
The merfolk hits you from afar with a +0 trident!!
You die...

▓..)))))..▓
▓...)["|..▓
▓.........▓
▓.........▓
▓...m.....▓
▓..mmmm...▓
▓.▓..kkC▓.▓
▓...@©c...▓
▓▓▓▓▓▓▓▓▓▓▓


You could see 2 wind drakes, 5 merfolk, a cyclops and a centaur.

Vanquished Creatures
  A thrashing horror (D)
  2 spriggans (D)
  A large abomination (D)
  2 orc warriors (D)
  2 ice beasts (D)
  A black bear (D)
  A wolf (D)
  An earth elemental (D)
  A crimson imp (D)
  2 quasits (D)
  An orc priest (D)
  An iron imp (D)
  2 orc wizards (D)
  A mummy (D)
  2 shadow imps (D)
  4 white imps (D)
  An ufetubus (D)
  An orc (D)
  2 bat zombies (D)
  An endoplasm (D)
  A ball python simulacrum (D)
31 creatures vanquished.

Vanquished Creatures (collateral kills)
  A shining eye (D)
  An eye of devastation (D)
  A large abomination (D)
  A golden eye (D)
  A crimson imp (D)
  A jelly (D)
  2 orc priests (D)
  2 orc wizards (D)
  2 orcs (D)
  An endoplasm (D)
13 creatures vanquished.

Vanquished Creatures (others)
  An endoplasm (D)
1 creature vanquished.

Grand Total: 45 creatures vanquished

Notes
Turn   | Place    | Note
-------+----------+-------------------------------------------
     0 | D        | cyrus the Naga Fighter began the quest for the Orb.
     0 | D        | Reached XP level 1. HP: 21/21 MP: 1/1
     1 | D        | Found a blossoming altar of Fedhas.
     1 | D        | Found the +6 Majin-Bo {vamp, MP+6 Int+6}
     1 | D        | Found the +9 heavy crossbow "Sniper" {vorpal, Acc+∞ SInv}
     1 | D        | Found the +10 dark maul {vorpal}
     1 | D        | Found the +15 Maxwell's patent armour {-Cast -Tele rElec
                  | Will+ rCorr}
     1 | D        | Found the +18 shield of the Gong {rElec rN+ Will+ EV-5}
     1 | D        | Found the +14 obsidian axe {vorpal, Mesm Drain Fly SInv}
     1 | D        | Found the +7 great mace "Firestarter" {inner flame, rF++}
     1 | D        | Found the +6 shillelagh "Devastator" {shatter}
     1 | D        | Found the +11 plutonium sword {Contam Stlth-}
     1 | D        | Found the +8 lance "Wyrmbane" {slay drac, rPois rF+ rC+
                  | AC+3}
     1 | D        | Found the +9 sword of Zonguldrok {reap}
     1 | D        | Found the +13 scythe of Curses {drain, Drain}
     1 | D        | Found the +5 sword of Power {vorpal}
     1 | D        | Found the +7 mace of Variability {chain chaos}
     1 | D        | Found the +7 Singing Sword {vorpal, sonic wave}
     1 | D        | Found the +8 storm bow {elec, penet}
     2 | D        | Found a viscous altar of Jiyva.
     2 | D        | Found a transporter.
     2 | D        | Found a hazy altar of Hepliaklqana.
     2 | D        | Found an ancient bone altar of Kikubaaqudgha.
     2 | D        | Found an opulent altar of Gozag.
     2 | D        | Found a corrupted altar of Lugonu.
    24 | D        | Found a burning altar of Makhleb.
    25 | D        | Found a sacrificial altar of Ru.
    25 | D        | Found a stormy altar of Qazlal.
    25 | D        | Found a shimmering blue altar of Sif Muna.
    25 | D        | Found an iron altar of Okawaru.
    25 | D        | Found a bloodstained altar of Trog.
    25 | D        | Found a sparkling altar of Nemelex Xobeh.
    47 | D        | Entered arena 2.
    47 | D        | Noticed a quasit
    47 | D        | Found a transporter.
    49 | D        | Killed a quasit
    50 | D        | Reached XP level 2. HP: 27/31 MP: 2/2
    50 | D        | Reached XP level 3. HP: 32/37 MP: 3/3
    75 | D        | Entered arena 3.
    75 | D        | Found a transporter.
    81 | D        | Reached skill level 1 in Axes
    93 | D        | Entered arena 4.
    93 | D        | Noticed a large abomination
    93 | D        | Found a transporter.
    95 | D        | Reached skill level 5 in Fighting
    95 | D        | Reached XP level 4. HP: 40/46 MP: 4/4
    96 | D        | Killed a large abomination
    97 | D        | Reached skill level 5 in Axes
    97 | D        | Reached skill level 5 in Armour
    97 | D        | Reached skill level 5 in Shields
    97 | D        | Reached XP level 5. HP: 50/57 MP: 5/5
    97 | D        | Reached XP level 6. HP: 58/66 MP: 6/6
   110 | D        | Got the ring of Rouda {rF++ Will+ Int+6}
   136 | D        | Entered arena 5.
   136 | D        | Noticed a spriggan
   136 | D        | Noticed a black bear
   136 | D        | Noticed a spriggan
   136 | D        | Found a transporter.
   139 | D        | Killed a spriggan
   140 | D        | Reached skill level 6 in Axes
   140 | D        | Reached XP level 7. HP: 74/74 MP: 7/7
   141 | D        | Killed a spriggan
   142 | D        | Reached skill level 8 in Axes
   291 | D        | Entered arena 6.
   291 | D        | Found a transporter.
   296 | D        | Reached XP level 8. HP: 78/84 MP: 8/8
   297 | D        | Reached skill level 9 in Axes
   321 | D        | Entered arena 7.
   322 | D        | Found a transporter.
   327 | D        | Reached skill level 1 in Evocations
   391 | D        | Entered arena 8.
   392 | D        | Found a transporter.
   395 | D        | Reached skill level 10 in Axes
   407 | D        | Got the Reference Book on the Mountains and Transmigration
   410 | D        | Entered arena 9.
   410 | D        | Noticed a shining eye
   410 | D        | Noticed an eye of devastation
   411 | D        | Found a transporter.
   417 | D        | Killed an eye of devastation
   418 | D        | Reached skill level 11 in Axes
   418 | D        | Reached XP level 9. HP: 28/93 MP: 9/9
   419 | D        | Killed a shining eye
   420 | D        | Reached skill level 10 in Fighting
   420 | D        | Reached skill level 12 in Axes
   693 | D        | Entered arena 10.
   693 | D        | Noticed a thrashing horror
   701 | D        | Reached skill level 13 in Axes
   702 | D        | Killed a thrashing horror
   707 | D        | Reached skill level 14 in Axes
  1135 | D        | Found a transporter.
  1145 | D        | Entered arena 11.
  1145 | D        | Noticed a cyclops
  1145 | D        | Noticed a merfolk
  1145 | D        | Noticed a merfolk
  1145 | D        | Noticed a merfolk
  1145 | D        | Noticed a wind drake
  1145 | D        | Noticed a wind drake
  1145 | D        | Noticed a merfolk
  1145 | D        | Noticed a merfolk
  1154 | D        | Mangled by a merfolk

Illustrated notes

Levels and vault maps discovered:
D:        sprint_v [room_start, room_1, room_2, room_3, room_4, room_5, room_6,
          room_7, room_8, room_9, room_10, room_11, room_12, room_13, room_14,
          room_15, room_16, room_17, room_18, room_19, room_20, room_21,
          room_22, room_23, room_24, room_25, room_26, room_27]

Skill      XL: |  1  2  3  4  5  6  7  8  9 |
---------------+----------------------------+-----
Fighting       | 4 5 7 8 9 10 | 10.6
Armour         | 3 4 5 6 7 8 |  8.7
Shields        | 3 4 5 6 7 8 |  8.0
Axes           | 1 5 6 8 11 14 | 14.1
Polearms       | 3 4 |  4.3
Evocations     | 1 2 |  2.7
Stealth        | |  0.1

Action                   |  1- 3 |  4- 6 |  7- 9 || total
-------------------------+-------+-------+-------++-------
Melee: Broad axe         |     6 |     8 |    32 ||    46
Evoke: Lightning rod     |     1 |     1 |     7 ||     9
       Piece from Xom's  |       |       |     1 ||     1
  Use: Potion            |       |     1 |     3 ||     4
       Scroll            |       |       |     1 ||     1
 Stab: Distracted        |       |       |     1 ||     1
Armor: Gold dragon scale |    30 |     4 |    54 ||    88
Dodge: Dodged            |       |       |     3 ||     3
Block: Buckler           |     6 |     5 |     9 ||    20

Table legend: (Time is in decaauts)
 A = Elapsed time spent in this place.
 B = Non-inter-level travel time spent in this place.
 C = Inter-level travel time spent in this place.
 D = Time resting spent in this place.
 E = Time spent auto-exploring this place.
 F = Levels seen in this place.
 G = Mean time per level.
                   A        B        C        D        E       F      G
               +--------+--------+--------+--------+--------+-----+--------+
         Total |   1240 |   1240 |      0 |    882 |     15 |   1 | 1240.0 |
       Dungeon |   1240 |   1240 |      0 |    882 |     15 |   1 | 1240.0 |
               +--------+--------+--------+--------+--------+-----+--------+

Top non-repeatable levels by time:
       D: 1240 daAuts
